Map: Dusk Towers

Players

Pokebunny - Winner!

  • Race: Terran Terran
  • League: Grandmaster

MygraiN

  • Race: Protoss Protoss
  • League: Grandmaster

VOD

Have the link to the VOD?

Description

Time

  • Played on: April 5, 2016, 3:06 p.m.
  • Length: 8:17
Show
View Real Time Build Order
Export as new Build Order

Pokebunny Terran - Winner!

Build Orders: Reaper Expand, MMM Bio 

Get SALT Encoding   

  12  0:01  SCV  
  13  0:13  SCV  
  14  0:18  Supply Depot  
  14  0:25  SCV  
  15  0:39  Barracks, SCV  
  16  0:43  Refinery  
  16  0:51  SCV  
  17  1:03  SCV  
  18  1:15  SCV  
  19  1:28  Orbital Command, Reaper  
  20  1:42  Command Center  
  20  1:47  Supply Depot  
  20  1:54  SCV  
  21  2:00  Marine  
  22  2:06  SCV  
  22  2:07  Factory  
  23  2:14  Refinery  
  23  2:18  Marine, SCV  
  25  2:30  SCV  
  25  2:37  Barracks Reactor  
  25  2:42  SCV  
  28  2:51  Hellion, Starport  
  28  2:54  SCV  
  28  2:56  Orbital Command  
  29  3:00  Barracks  
  29  3:06  SCV  
  29  3:12  Widow Mine  
  30  3:13  Marine  
  30  3:14  Marine  
  30  3:19  SCV  
  35  3:33  Marine x2  
  35  3:46  Factory Tech Lab, Medivac  
  35  3:48  Barracks Tech Lab  
  37  3:52  SCV x2  
  37  3:53  Marine x2  
  37  3:54  Barracks  
  40  4:05  Siege Tank  
  40  4:06  Supply Depot, Combat Shields  
  43  4:10  SCV  
  43  4:11  SCV  
  43  4:16  Marine  
  46  4:26  Engineering Bay  
  46  4:28  Marine x2  
  46  4:30  Supply Depot  
  48  4:31  SCV  
  48  4:32  SCV  
  48  4:36  Marine  
  51  4:38  Siege Tank  
  51  4:42  Barracks Reactor  
  54  4:51  Marine x2, SCV x2  
  58  5:01  Marine  
  58  5:03  SCV  
  58  5:04  SCV, Terran Infantry Weapons Level 1  
  58  5:06  Supply Depot  
  61  5:09  Marine  
  61  5:11  Refinery  
  62  5:20  Supply Depot  
  62  5:21  Supply Depot  
  62  5:23  Missile Turret  
  62  5:25  Missile Turret  
  62  5:27  Marine  
  62  5:28  Siege Tank, SCV x2  
  68  5:32  Marine x2  
  70  5:42  Marine x2, Medivac  
  74  5:44  Supply Depot  
  74  5:46  SCV x2  
  76  5:52  Marine x3  
  76  5:53  Stimpack  
  79  5:57  Supply Depot  
  79  5:58  SCV x2  
  79  6:00  Marine  
  82  6:05  Marine  
  82  6:06  Siege Tank  
  82  6:09  Marine  
  82  6:10  SCV x2  
  89  6:21  Marine x3  
  89  6:23  Marine, Medivac  
  95  6:31  Command Center  
  80  6:40  Marine x2  
  80  6:42  Siege Tank  
  84  6:47  Marine  
  84  6:48  Marine x2  
  87  6:58  Marine  
  87  6:59  Medivac  
  90  7:06  Marine x3, Marauder  
  95  7:11  Barracks, SCV x2  
  95  7:12  Barracks, Supply Depot  
  97  7:29  Siege Tank, Marine  
  100  7:30  Marauder  
  100  7:33  Marine x3  
  105  7:41  SCV  
  105  7:42  SCV  
  105  7:44  Refinery, Ghost Academy  
  105  7:46  Orbital Command  
  105  7:56  Marine x2  
  105  7:57  Marine x2  
  111  8:00  Starport Reactor  
Show
View Real Time Build Order
Export as new Build Order

MygraiN Protoss 

Build Orders: 1 Gate Expand, Zealot Archon 

Get SALT Encoding   

  12  0:01  Probe (Chrono Boost)  
  13  0:11  Probe (Chrono Boost)  
  14  0:17  Pylon  
  14  0:22  Probe (Chrono Boost)  
  16  0:36  Gateway, Probe (Chrono Boost)  
  16  0:42  Assimilator  
  16  0:46  Probe (Chrono Boost)  
  17  0:57  Probe (Chrono Boost)  
  18  1:07  Probe (Chrono Boost)  
  19  1:21  Nexus  
  19  1:32  Cybernetics Core  
  19  1:33  Probe (Chrono Boost)  
  19  1:39  Assimilator  
  20  1:44  Probe (Chrono Boost)  
  21  1:55  Pylon, Probe (Chrono Boost)  
  22  2:13  Mothership Core (Chrono Boost)  
  24  2:17  Stalker (Chrono Boost)  
  26  2:28  Warp Gate  
  26  2:32  Probe  
  26  2:35  Probe  
  28  2:44  Probe  
  28  2:45  Stalker (Chrono Boost)  
  28  2:46  Probe  
  32  2:53  Pylon  
  32  2:56  Probe x2  
  34  3:01  Robotics Facility  
  34  3:07  Assimilator, Probe  
  34  3:08  Probe  
  38  3:13  Stalker (Chrono Boost)  
  38  3:18  Probe  
  39  3:28  Probe x2  
  39  3:34  Twilight Council  
  41  3:40  Probe  
  42  3:44  Probe  
  41  3:52  Probe  
  41  3:54  Gateway  
  41  3:55  Probe  
  40  3:57  Stalker (Chrono Boost), Observer  
  44  4:04  Probe  
  44  4:05  Gateway  
  44  4:07  Blink (Chrono Boost), Probe  
  46  4:16  Probe  
  47  4:21  Probe  
  48  4:28  Probe  
  48  4:29  Pylon  
  49  4:33  Immortal, Probe  
  54  4:39  Pylon  
  54  4:47  Probe x2  
  54  4:50  Stalker x2  
  61  5:00  Probe  
  61  5:02  Stalker  
  61  5:03  Probe  
  61  5:05  Assimilator  
  61  5:06  Pylon  
  64  5:12  Immortal (Chrono Boost), Probe  
  69  5:16  Probe  
  70  5:24  Probe  
  70  5:27  Nexus  
  71  5:32  Probe  
  72  5:36  Probe  
  72  5:38  Forge  
  73  5:44  Probe  
  73  5:48  Probe  
  75  5:55  Stalker  
  75  5:56  Probe  
  78  6:00  Pylon  
  78  6:03  Pylon x2  
  78  6:06  Templar Archives  
  80  6:19  Immortal (Chrono Boost)  
  80  6:21  Zealot x3  
  70  6:43  Stalker x2  
  70  6:44  Stalker  
  74  6:48  Probe  
  72  6:55  Immortal (Chrono Boost)  
  60  7:06  Stalker x2  
  60  7:07  Stalker  
  60  7:10  Mothership Core, Pylon  
  60  7:12  Pylon  
  60  7:14  Pylon  
  62  7:17  Gateway  
  62  7:19  Gateway  
  62  7:30  High Templar x2  
  62  7:31  High Templar  
  62  7:32  Immortal (Chrono Boost)  
  68  7:40  Archon  
  68  7:46  Gateway  
  68  7:47  Gateway  
  67  8:06  Zealot x2  
Tags
 
Add a new tag
Caveats
  • Supply blocks, unpowered buildings, or Contaminate may cause inaccurate times.
  • Supply counts are checked every 10 seconds.